[Event "Titled Tuesday Blitz May 30 Late 2023"]
[White "Jaracz, Pawel"]
[Black "Moral Garcia, Serafin"]
[WhiteFideId "1102222"]
[BlackFideId "2201925"]
[WhiteElo "2438"]
[BlackElo "2274"]
[Result "0-1"]
[Round "06"]
[TimeControl "180+2"]
[Date "2023.05.31"]
[WhiteClock "0:00:01"]
[BlackClock "0:00:20"]

1. d4 Nf6 2. c4 g6 3. Nc3 d5 4. Qb3 dxc4 5. Qxc4 Bg7 6. e4 O-O 7. Be2 Nc6 8. Be3 e5 9. d5 Nd4 10. O-O-O Ne8 11. f4 Nd6 12. Qd3 Nxe2+ 13. Ngxe2 Bg4 14. Rhf1 Re8 15. f5 gxf5 16. exf5 e4 17. Qc2 Bxf5 18. h3 Bg6 19. g4 Be5 20. Nf4 Nc4 21. Ng2 Nxe3 22. Nxe3 Qg5 23. Qd2 Rad8 24. h4 Qxh4 25. Nf5 Bxf5 26. Rxf5 Bg7 27. Rh5 Qf6 28. Qh2 Qg6 29. Rh1 h6 30. Ne2 e3 31. Nf4 Qf6 32. g5 hxg5 33. Ne2 Qxb2+ 0-1


[Site "https://www.chess.com"]

[Event "Titled Tuesday Blitz May 30 Late 2023"]
[White "D`Arruda, Ricardo D."]
[Black "Tristan, Leonardo"]
[WhiteFideId "100692"]
[BlackFideId "113816"]
[WhiteElo "2529"]
[BlackElo "2461"]
[Result "0-1"]
[Round "06"]
[TimeControl "180+2"]
[Date "2023.05.31"]
[WhiteClock "0:01:11"]
[BlackClock "0:01:39"]

1. Nf3 d5 2. g3 Nf6 3. Bg2 Bf5 4. O-O e6 5. d3 Be7 6. Nh4 Bg4 7. h3 Bh5 8. g4 Nfd7 9. Nf3 Bg6 10. Nbd2 O-O 11. e4 c6 12. Qe2 h6 13. b3 a5 14. a4 Na6 15. Bb2 Nb4 16. Rac1 Qb6 17. Ne5 Nxe5 18. Bxe5 Rfd8 19. Kh1 Qc5 20. Bb2 Na2 21. Ra1 Qxc2 22. Rxa2 Bb4 23. f3 dxe4 24. fxe4 Rxd3 25. Rf2 Rxd2 0-1


[Site "https://www.chess.com"]

[Event "Titled Tuesday Blitz May 30 Late 2023"]
[White "Bringas Gomez, Artai"]
[Black "Sieciechowicz, Marcin"]
[WhiteFideId "24534064"]
[BlackFideId "1130170"]
[WhiteElo "2179"]
[BlackElo "2302"]
[Result "0-1"]
[Round "06"]
[TimeControl "180+2"]
[Date "2023.05.31"]
[WhiteClock "0:00:20"]
[BlackClock "0:01:05"]

1. e4 e6 2. Nf3 d5 3. Nc3 Nf6 4. d3 dxe4 5. Nxe4 Nxe4 6. dxe4 Qxd1+ 7. Kxd1 Bc5 8. Ke2 O-O 9. Be3 Bxe3 10. Kxe3 Nd7 11. Bb5 c6 12. Be2 Nf6 13. Nd2 e5 14. Nc4 Re8 15. Nd6 Re7 16. Rad1 Be6 17. a4 Kf8 18. f3 Rd8 19. Nc4 Rxd1 20. Rxd1 Bxc4 21. Bxc4 Nd7 22. a5 Nf6 23. b4 Rd7 24. Rb1 a6 25. Be2 Ne8 26. h4 Ke7 27. c3 Nc7 28. Rd1 Rxd1 29. Bxd1 Kd6 30. Bb3 f6 31. Bg8 h6 32. Bc4 c5 33. g4 Kc6 34. f4 b6 35. axb6 Kxb6 36. g5 Nb5 37. gxh6 gxh6 38. fxe5 fxe5 39. Kd3 cxb4 40. cxb4 Nd4 41. Kc3 Nf3 42. h5 Ng5 43. Bd5 Nh3 44. Kc4 Nf4 45. Bf7 Kc6 46. Be8+ Kd6 47. Bf7 Ke7 48. Bg8 Nxh5 49. Kc5 Nf6 50. Bc4 Nxe4+ 51. Kb6 h5 52. Kxa6 Nd6 53. Bf1 h4 54. b5 e4 55. b6 e3 56. b7 Nxb7 57. Kxb7 h3 58. Bxh3 e2 59. Bg2 e1=Q 60. Bc6 Qb4+ 61. Kc7 Qc5 62. Kb7 Kd6 63. Bh1 Qc7+ 64. Ka8 Kc5 65. Bc6 Kb6 66. Bb7 Qd8+ 67. Bc8 Qxc8# 0-1


[Site "https://www.chess.com"]

[Event "Titled Tuesday Blitz May 30 Late 2023"]
[White "Tissir, Mohamed"]
[Black "Tanenbaum, Zachary"]
[WhiteFideId "9000240"]
[BlackFideId "2060850"]
[WhiteElo "2458"]
[BlackElo "2175"]
[Result "1/2-1/2"]
[Round "06"]
[TimeControl "180+2"]
[Date "2023.05.31"]
[WhiteClock "0:00:29"]
[BlackClock "0:00:08"]

1. e4 e5 2. Nf3 Nc6 3. Bc4 Nf6 4. d3 Be7 5. O-O O-O 6. Re1 d6 7. c3 Na5 8. Bb5 a6 9. Ba4 b5 10. Bc2 c5 11. Nbd2 Re8 12. Nf1 Bf8 13. Ng3 h6 14. h3 Nc6 15. d4 cxd4 16. cxd4 exd4 17. Nxd4 Nxd4 18. Qxd4 Be6 19. Bd2 Rc8 20. Bc3 Nd7 21. Nf5 Qg5 22. Nxd6 b4 23. Nxc8 Rxc8 24. Bd2 Qg6 25. Bd1 Bc5 26. Qd3 Ne5 27. Qf1 Bc4 28. Be2 Nf3+ 29. Bxf3 Bxf1 30. Rxf1 Bd4 31. Bxb4 Rc2 32. Ba3 Qb6 33. Rad1 Bxb2 34. Bxb2 Qxb2 35. e5 g6 36. Bd5 Qxe5 37. Bb3 Rb2 38. Rd7 Qb5 39. Bxf7+ Kf8 40. Be6 Re2 41. Bg4 h5 42. Bxe2 Qxd7 43. Bxa6 Qa4 44. Bd3 Kg7 45. Bb1 Qd4 46. g3 h4 47. g4 Kh6 48. Kg2 Kg5 49. Re1 Qb4 50. Rd1 Kf4 51. Bd3 Qb2 52. Re1 Qxa2 53. Re4+ Kg5 54. Re5+ Kf6 55. Re3 Qd2 56. Be4 g5 57. Bf3 Qb2 58. Be4 Ke5 59. Bf5+ Kd4 60. Re4+ Kc3 61. Re3+ Kd2 62. Be4 Qd4 63. Bf3 Qc5 64. Re2+ Kd3 65. Re3+ Kd4 66. Re4+ Kc3 67. Re3+ Kd2 68. Re2+ Kc1 69. Re3 Qd4 70. Re1+ Kd2 71. Rd1+ Kc3 72. Rxd4 Kxd4 73. Bb7 Ke5 74. Bc6 Kf4 75. Bb7 Ke5 76. Kf3 Kd4 77. Be4 Ke5 78. Bf5 Kd4 79. Ke2 Ke5 80. Ke3 Kf6 81. f4 gxf4+ 82. Kxf4 Kg7 83. g5 Kh8 84. Kg4 Kg7 85. Kxh4 Kh8 86. Kg4 Kg7 87. h4 Kg8 88. h5 Kh8 89. h6 Kg8 90. g6 Kh8 91. Be6 1/2-1/2


[Site "https://www.chess.com"]

[Event "Titled Tuesday Blitz May 30 Late 2023"]
[White "Kushko, Dmitriy"]
[Black "Becerra, Juan David"]
[WhiteFideId "14162261"]
[BlackFideId "4404998"]
[WhiteElo "2230"]
[BlackElo "2304"]
[Result "1/2-1/2"]
[Round "06"]
[TimeControl "180+2"]
[Date "2023.05.31"]
[WhiteClock "0:00:08"]
[BlackClock "0:01:12"]

1. Nf3 d5 2. g3 Bg4 3. Bg2 Nd7 4. h3 Bxf3 5. Bxf3 c6 6. O-O e5 7. d3 Ngf6 8. Nc3 Bc5 9. e4 dxe4 10. Nxe4 Nxe4 11. dxe4 O-O 12. Kg2 a5 13. c3 Qc7 14. h4 Rfd8 15. h5 Nf8 16. Qe2 a4 17. h6 g6 18. Bg5 Be7 19. Be3 Ne6 20. Bg4 Nc5 21. Qf3 Qa5 22. b4 axb3 23. axb3 Qxc3 24. Rac1 Qb4 25. Rc4 Qb5 26. Bxc5 Bxc5 27. Qf6 Bf8 28. Be6 fxe6 29. Qxe6+ Kh8 30. Qf6+ Kg8 31. Qe6+ Kh8 32. Qf6+ Kg8 33. Qe6+ 1/2-1/2


[Site "https://www.chess.com"]

[Event "Titled Tuesday Blitz May 30 Late 2023"]
[White "Sun, Rick"]
[Black "Janaszak, Dawid"]
[WhiteFideId "30909481"]
[BlackFideId "1119206"]
[WhiteElo "2169"]
[BlackElo "2220"]
[Result "1-0"]
[Round "06"]
[TimeControl "180+2"]
[Date "2023.05.31"]
[WhiteClock "0:00:10"]
[BlackClock "0:00:11"]

1. d4 d5 2. Nc3 e6 3. Bf4 a6 4. e3 c5 5. Nf3 Nc6 6. Bd3 cxd4 7. exd4 Bd6 8. Qd2 Nf6 9. O-O-O Bb4 10. a3 Ba5 11. g4 Bd7 12. g5 Ne4 13. Bxe4 dxe4 14. Ne5 Rc8 15. Nc4 O-O 16. Nd6 b5 17. Nxc8 Qxc8 18. Qe3 b4 19. Nxe4 bxa3 20. Qxa3 Bb4 21. Qd3 Na5 22. Rhg1 Kh8 23. Nf6 gxf6 24. gxf6 Rg8 25. Bh6 Rg6 26. Rxg6 fxg6 27. f7 Bf8 28. Bf4 Bg7 29. Be5 Nc6 30. Bxg7+ Kxg7 31. d5 Nb4 32. Qd4+ Kxf7 33. Qxb4 exd5 34. Rxd5 Be6 35. Rd3 Qc6 36. Qf4+ Bf5 37. Qf3 Qa4 38. Qb7+ Kf6 39. Qb6+ Kg5 40. Qe3+ Kf6 41. Qd4+ Qxd4 42. Rxd4 Ke5 43. Ra4 Bc8 44. Ra5+ Kd4 45. Kd2 Kc4 46. b3+ Kb4 47. Rg5 a5 48. Rg3 Bf5 49. Rc3 a4 50. Rc4+ Kb5 51. Rxa4 1-0


[Site "https://www.chess.com"]

[Event "Titled Tuesday Blitz May 30 Late 2023"]
[White "Minko, Dmitry"]
[Black "Timmermans, Mark"]
[WhiteFideId "24188468"]
[BlackFideId "1026399"]
[WhiteElo "2147"]
[BlackElo "2460"]
[Result "0-1"]
[Round "06"]
[TimeControl "180+2"]
[Date "2023.05.31"]
[WhiteClock "0:00:02"]
[BlackClock "0:00:20"]

1. e4 e5 2. Nf3 Nc6 3. d4 exd4 4. Nxd4 Nf6 5. Nc3 Bb4 6. Nxc6 bxc6 7. Bd3 d5 8. exd5 O-O 9. O-O cxd5 10. Bg5 c6 11. Qf3 Be7 12. h3 Re8 13. Ne2 Rb8 14. b3 h6 15. Bh4 Rb4 16. Bg3 Bd6 17. Rad1 Be6 18. c3 Rb7 19. Nd4 c5 20. Nf5 Bxf5 21. Bxf5 Bxg3 22. Qxg3 Rbe7 23. Qf3 Qa5 24. a4 Re5 25. Bc2 Rb8 26. Qd3 Qc7 27. Rfe1 g6 28. Rxe5 Qxe5 29. Qd2 Re8 30. b4 cxb4 31. cxb4 Kg7 32. Qd4 Qxd4 33. Rxd4 Re2 34. Bb3 Re5 35. f4 Re1+ 36. Kf2 Ra1 37. Bxd5 Rxa4 38. Bc6 Ra2+ 39. Kg3 Kf8 40. Rd8+ Ke7 41. Rb8 Kd6 42. b5 Nh5+ 43. Kf3 Ra3+ 44. Kf2 Nxf4 45. Rb7 f5 46. Rh7 h5 47. h4 Ra2+ 48. Kg3 Ne2+ 49. Kh2 Ra4 50. g3 Rg4 51. Rxa7 Nxg3 52. Rd7+ Ke6 53. Rd3 Ne2 54. b6 Rxh4+ 55. Kg2 Rb4 56. b7 Nf4+ 0-1


[Site "https://www.chess.com"]

[Event "Titled Tuesday Blitz May 30 Late 2023"]
[White "Domingo Nunez, Ruben"]
[Black "Karas, Marek"]
[WhiteFideId "22245570"]
[BlackFideId "14928558"]
[WhiteElo "2404"]
[BlackElo "2233"]
[Result "1-0"]
[Round "06"]
[TimeControl "180+2"]
[Date "2023.05.31"]
[WhiteClock "0:00:17"]
[BlackClock "0:00:02"]

1. c4 e5 2. b3 Nc6 3. Bb2 Nf6 4. d3 Bb4+ 5. Nd2 O-O 6. a3 Bxd2+ 7. Qxd2 d6 8. g3 Bf5 9. Bg2 Qd7 10. Nf3 Bh3 11. Bxh3 Qxh3 12. O-O-O Rfe8 13. Kb1 Qf5 14. h3 e4 15. g4 Qe6 16. Ng5 Qe7 17. Qf4 exd3 18. exd3 h6 19. Nf3 Nd7 20. g5 hxg5 21. Nxg5 Nde5 22. Rhg1 Ng6 23. Qg3 Nce5 24. h4 Qf6 25. h5 Nf4 26. Ne4 Qh6 27. Bc1 Nexd3 28. Rxd3 Rxe4 29. f3 Re6 30. Bxf4 Qh7 31. Kc2 Rae8 32. Kc3 Re2 33. Qg5 a5 34. Qh6 Qxh6 35. Bxh6 1-0


[Site "https://www.chess.com"]

[Event "Titled Tuesday Blitz May 30 Late 2023"]
[White "Filgueira, Hernan"]
[Black "Rosen, Eric"]
[WhiteFideId "101770"]
[BlackFideId "2032562"]
[WhiteElo "2363"]
[BlackElo "2331"]
[Result "0-1"]
[Round "06"]
[TimeControl "180+2"]
[Date "2023.05.31"]
[WhiteClock "0:00:06"]
[BlackClock "0:00:09"]

1. e4 c5 2. Nf3 Nc6 3. Bb5 e6 4. O-O Nge7 5. Re1 a6 6. Bf1 b5 7. a4 b4 8. d3 g6 9. Nbd2 Bg7 10. e5 O-O 11. Nc4 Na5 12. Nd6 Qc7 13. Bf4 Bb7 14. Nxb7 Qxb7 15. Qd2 Nf5 16. b3 Qd5 17. Re4 Nc6 18. Rae1 Ncd4 19. Be2 Rac8 20. Bd1 Nxf3+ 21. Bxf3 Nd4 22. Bd1 f5 23. exf6 Rxf6 24. Be5 Rf5 25. Bxg7 Kxg7 26. f4 Rcf8 27. Bg4 R5f6 28. h4 h5 29. Bd1 Nf5 30. Qf2 Qd6 31. g3 Nd4 32. Kh2 a5 33. Re5 Qc7 34. Qg2 Nf5 35. R5e4 Nd6 36. Re5 Nf7 37. R5e3 Nh6 38. Re5 Qd6 39. Qe4 Nf5 40. Kh3 Nd4 41. Qe3 Rc8 42. Rg5 Nf5 43. Qe5 Kf7 44. Qe2 Qd4 45. Rf1 Rh8 46. Qe4 d5 47. Qe2 Rd8 48. Re1 c4 49. Qg2 cxd3 50. cxd3 Qxd3 51. Bc2 Qc3 52. Re2 Nd4 53. Rf2 Rc8 54. Bb1 Qxb3 55. Bxg6+ Rxg6 56. f5 Nxf5 57. Rgxf5+ exf5 58. Rxf5+ Kg7 59. Qf2 Rc7 60. Qd4+ Kh7 61. Rxh5+ Kg8 62. Rh8+ Kf7 63. Qf4+ Ke6 64. Qxc7 Kf5 65. Rf8+ Ke4 66. Rf4+ Ke3 67. Qe5+ Kd2 68. Rf3 Qxf3 69. Qb2+ Kd3 70. Qb3+ Ke4 71. Qb1+ Kd4 72. Qxg6 b3 73. Qg4+ Qxg4+ 74. Kxg4 b2 75. h5 b1=Q 76. h6 Qh7 77. Kg5 Ke4 78. g4 d4 79. Kh5 d3 80. g5 Kf5 81. g6 Qxg6+ 82. Kh4 Qg4# 0-1


[Site "https://www.chess.com"]

[Event "Titled Tuesday Blitz May 30 Late 2023"]
[White "Omariev, Maksim"]
[Black "Melikyan, Gnel"]
[WhiteFideId "4193423"]
[BlackFideId "54109990"]
[WhiteElo "2480"]
[BlackElo "2138"]
[Result "1-0"]
[Round "06"]
[TimeControl "180+2"]
[Date "2023.05.31"]
[WhiteClock "0:00:06"]
[BlackClock "0:01:06"]

1. e4 c6 2. Nc3 d5 3. Nf3 dxe4 4. Nxe4 Nf6 5. Nxf6+ exf6 6. d4 Bd6 7. Be2 O-O 8. O-O Re8 9. c4 Qc7 10. Re1 Bg4 11. h3 Bh5 12. a3 Nd7 13. b4 a5 14. c5 Bf4 15. Bxf4 Qxf4 16. d5 axb4 17. dxc6 Nxc5 18. cxb7 Nxb7 19. Qd5 Bxf3 20. Bxf3 Nd6 21. g3 Qf5 22. Qxf5 Nxf5 23. Bxa8 Rxa8 24. axb4 Rb8 25. Ra4 Nd4 26. Rea1 Kf8 27. Ra8 Rxa8 28. Rxa8+ Ke7 29. Ra7+ Ke6 30. f4 Nc6 31. Ra6 Kd5 32. b5 Nd4 33. b6 Kc6 34. Ra7 Kxb6 35. Rxf7 Nf5 36. g4 Nd4 37. f5 h5 38. Rxg7 hxg4 39. hxg4 Nf3+ 40. Kf2 Ne5 41. Kg3 Kc5 42. Rg6 Kd5 43. Rxf6 Nd3 44. Re6 Nc5 45. Re1 Nd7 46. Kf4 Nf6 47. g5 Nh5+ 48. Kg4 Ng7 49. f6 Ne6 50. Rxe6 Kxe6 51. Kh5 Kf5 52. Kh6 1-0


[Site "https://www.chess.com"]

[Event "Titled Tuesday Blitz May 30 Late 2023"]
[White "Jimenez Almeida, Luis David"]
[Black "Popilski, Gil"]
[WhiteFideId "22242244"]
[BlackFideId "2809060"]
[WhiteElo "2245"]
[BlackElo "2537"]
[Result "1-0"]
[Round "06"]
[TimeControl "180+2"]
[Date "2023.05.31"]
[WhiteClock "0:00:25"]
[BlackClock "0:00:02"]

1. e4 c6 2. Nc3 d5 3. Qf3 Nf6 4. e5 Nfd7 5. d4 e6 6. Nh3 c5 7. Ng5 Qe7 8. Nb5 cxd4 9. Nd6+ Kd8 10. Ngxf7+ Kc7 11. Nb5+ Kb6 12. Nxh8 Nxe5 13. Qb3 Qb4+ 14. Bd2 Qxb3 15. axb3 Nbc6 16. f4 Ng4 17. Nf7 Bc5 18. Bd3 Nf6 19. O-O Bd7 20. Kh1 Ne4 21. Be1 Rf8 22. Ng5 Nxg5 23. fxg5 Rxf1+ 24. Bxf1 a6 25. Na3 e5 26. h4 e4 27. Bg3 Bg4 28. Nb1 Nb4 29. Na3 d3 30. cxd3 e3 31. Re1 Bd4 32. Be2 Bf5 33. Bf4 1-0


[Site "https://www.chess.com"]

[Event "Titled Tuesday Blitz May 30 Late 2023"]
[White "Pasti, Aron"]
[Black "Arabidze, Meri"]
[WhiteFideId "785857"]
[BlackFideId "13604040"]
[WhiteElo "2173"]
[BlackElo "2405"]
[Result "0-1"]
[Round "06"]
[TimeControl "180+2"]
[Date "2023.05.31"]
[WhiteClock "0:00:36"]
[BlackClock "0:00:52"]

1. e4 c5 2. Nf3 e6 3. d4 cxd4 4. Nxd4 Nc6 5. Nc3 a6 6. Be3 Qc7 7. g4 b5 8. Qf3 Bb7 9. O-O-O Rc8 10. Nxc6 Qxc6 11. Bd3 Nf6 12. g5 b4 13. Ne2 Nxe4 14. Nd4 Qd5 15. Rhg1 Nc5 16. Qxd5 Nxd3+ 17. Rxd3 Bxd5 18. Ne2 Bc4 19. Rd2 Bxa2 20. Bd4 Bd5 21. Nf4 Bc6 22. Nd3 a5 23. f4 Be4 24. Nf2 Bf5 25. Ng4 d5 26. Ne3 Be4 27. Re1 Rg8 28. f5 Bc5 29. fxe6 fxe6 30. Be5 Rf8 31. Bxg7 Bxe3 0-1


[Site "https://www.chess.com"]

[Event "Titled Tuesday Blitz May 30 Late 2023"]
[White "Le Goff, Ronan"]
[Black "Annaberdiyev, Meylis"]
[WhiteFideId "612073"]
[BlackFideId "14000563"]
[WhiteElo "2275"]
[BlackElo "2416"]
[Result "1/2-1/2"]
[Round "06"]
[TimeControl "180+2"]
[Date "2023.05.31"]
[WhiteClock "0:00:38"]
[BlackClock "0:00:11"]

1. d4 Nf6 2. c4 g6 3. Nc3 Bg7 4. e4 d6 5. Be2 O-O 6. Be3 e5 7. d5 Na6 8. Nf3 Ng4 9. Bg5 f6 10. Bd2 f5 11. Bg5 Qe8 12. h3 Nf6 13. Qc2 Nxe4 14. Nxe4 fxe4 15. Nd2 Nb4 16. Qb3 Nd3+ 17. Bxd3 exd3 18. Qxd3 e4 19. Qc2 Qe5 20. Be3 Qxb2 21. Qxb2 Bxb2 22. Rb1 Bc3 23. Ke2 Bxd2 24. Kxd2 b6 25. g4 Rf3 26. Kc3 Bd7 27. Kd4 Re8 28. Rb3 c5+ 29. dxc6 Bxc6 30. h4 Bd7 31. g5 Rf5 32. h5 gxh5 33. Rxh5 Ra5 34. Rh6 Re6 35. Rxe6 Bxe6 36. Kxe4 Bxc4 37. Rc3 d5+ 38. Kd4 Rxa2 39. f4 Ra4 40. Ke5 b5 41. f5 b4 42. Rc1 b3 43. Bd4 Ra2 44. g6 hxg6 45. fxg6 Rg2 46. Kf6 b2 47. Rb1 Bd3 48. Rxb2 Rxg6+ 49. Ke5 Rg5+ 50. Ke6 Rg6+ 51. Ke5 Bc4 52. Rb8+ Kh7 53. Rb7+ Kh6 54. Rxa7 Kh5 55. Rf7 Kg4 56. Rf4+ Kg3 57. Rf8 Kg2 58. Rf6 Rg4 59. Rf4 Rg8 60. Rf6 Re8+ 61. Re6 Rg8 62. Kf4 Bd3 63. Re5 Be4 64. Rg5+ Rxg5 65. Kxg5 Kf3 66. Kf6 Ke2 67. Ke5 Kd3 68. Ba7 Kc4 69. Bg1 Kd3 70. Bd4 Kc4 71. Ba7 Kd3 72. Bd4 Kc4 73. Ba7 Kd3 74. Bd4 1/2-1/2


[Site "https://www.chess.com"]

[Event "Titled Tuesday Blitz May 30 Late 2023"]
[White "Buchenau, Frank"]
[Black "Saveliev, Alexei"]
[WhiteFideId "4604350"]
[BlackFideId "24128546"]
[WhiteElo "2157"]
[BlackElo "2271"]
[Result "0-1"]
[Round "06"]
[TimeControl "180+2"]
[Date "2023.05.31"]
[WhiteClock "0:00:01"]
[BlackClock "0:00:37"]

1. e4 g6 2. d4 Bg7 3. Nc3 d6 4. Nf3 Nc6 5. Bb5 a6 6. Bxc6+ bxc6 7. O-O Nf6 8. h3 O-O 9. Re1 Nd7 10. Be3 e5 11. Qd2 Re8 12. Bh6 Bh8 13. Bg5 f6 14. Be3 Qe7 15. Rad1 Qf7 16. d5 Bb7 17. dxc6 Bxc6 18. Nd5 Bxd5 19. Qxd5 Rab8 20. b3 Qxd5 21. Rxd5 f5 22. Ra5 Ra8 23. c4 Nb8 24. c5 fxe4 25. cxd6 exf3 26. dxc7 Nd7 27. gxf3 Rec8 28. Rc1 Kf7 29. Rd5 Ke6 30. Rd2 Bf6 31. Rc6+ Ke7 32. Rdd6 Bh4 33. Re6+ Kf7 34. Red6 Nf8 35. Kg2 Be7 36. Rd5 Ne6 37. Rxe5 Nxc7 38. f4 Nb5 39. Rxc8 Rxc8 40. a4 Nd6 41. Bc5 Nf5 0-1


[Site "https://www.chess.com"]

[Event "Titled Tuesday Blitz May 30 Late 2023"]
[White "Bernabeu Lopez, Carlos Javier"]
[Black "Gheorghiu, Calin"]
[WhiteFideId "2235366"]
[BlackFideId "1200305"]
[WhiteElo "2344"]
[BlackElo "2223"]
[Result "1/2-1/2"]
[Round "06"]
[TimeControl "180+2"]
[Date "2023.05.31"]
[WhiteClock "0:01:57"]
[BlackClock "0:00:35"]

1. e4 e6 2. d4 d5 3. Nd2 c5 4. exd5 Qxd5 5. Ngf3 cxd4 6. Bc4 Qd6 7. O-O Nf6 8. Nb3 Nc6 9. Nbxd4 Nxd4 10. Qxd4 Bd7 11. Be3 Rc8 12. Bb3 Qxd4 13. Bxd4 Bc5 14. Rad1 Ke7 15. Ne5 Rhd8 16. c3 Bb5 17. Bxc5+ Rxc5 18. Rxd8 Kxd8 19. Rd1+ Ke7 20. Nd3 Rc7 21. Nf4 Ne4 22. Bc2 Bc6 23. f3 Nf6 24. Kf2 h6 25. h4 g5 26. hxg5 hxg5 27. Nd3 g4 28. Ne5 gxf3 29. gxf3 Nd7 30. Nxd7 Rxd7 31. Rxd7+ Kxd7 32. f4 f6 33. Ke3 e5 34. fxe5 fxe5 1/2-1/2


[Site "https://www.chess.com"]

[Event "Titled Tuesday Blitz May 30 Late 2023"]
[White "Jakic, Ivan"]
[Black "Korchmar, Vasiliy"]
[WhiteFideId "14504901"]
[BlackFideId "24131750"]
[WhiteElo "2370"]
[BlackElo "2370"]
[Result "0-1"]
[Round "06"]
[TimeControl "180+2"]
[Date "2023.05.31"]
[WhiteClock "0:00:04"]
[BlackClock "0:00:06"]

1. e4 c5 2. Nf3 d6 3. d4 cxd4 4. Qxd4 Nc6 5. Bb5 a6 6. Bxc6+ bxc6 7. Nc3 e5 8. Qd3 Qc7 9. Be3 Nf6 10. h3 Be7 11. Rd1 O-O 12. O-O h6 13. Nd2 Be6 14. Nc4 d5 15. Nb6 Rad8 16. exd5 cxd5 17. Qxa6 d4 18. Nb5 Qxc2 19. Bxd4 exd4 20. Nxd4 Qxb2 21. Nxe6 fxe6 22. Nc4 Qe2 23. Rde1 Ra8 24. Qc6 Rac8 25. Qxc8 Qxf1+ 26. Kxf1 Rxc8 27. Rxe6 Rxc4 28. Rxe7 Ra4 29. Re2 Ne4 30. Rc2 Ra3 31. g3 Nc3 32. Kg2 Nxa2 33. Rc8+ Kh7 34. h4 Nc3 35. g4 Ne4 36. Rf8 Ra2 37. h5 Nf6 38. Kg3 Ra1 39. f3 Ra3 40. Kg2 Nd7 41. Rf5 Ra2+ 42. Kg3 Ra3 43. Kg2 Rc3 44. Kg3 Nc5 45. Kg2 Kg8 46. Kg3 Ne4+ 47. Kf4 Ng5 48. Kg3 Rd3 49. Kg2 Nf7 50. Kg3 Nd6 51. Rf4 Ne8 52. Kg2 Nf6 53. Rf5 Kf7 54. Kg3 Ke6 55. Kg2 Rc3 56. Kg3 Ne4+ 57. Kf4 Ng5 58. Kg3 Rb3 59. Rf4 Ke5 60. Rf5+ Ke6 61. Rf4 Rb7 62. Ra4 Rf7 63. Ra6+ Kd5 64. Ra5+ Kc4 65. Ra4+ Kb3 66. Rf4 Kc3 67. Rxf7 Nxf7 68. Kf4 Kd4 69. Kf5 Ne5 70. f4 Nxg4 71. Kxg4 Ke4 72. Kg3 Ke3 73. Kg4 Kf2 74. Kf5 Kg3 75. Kg6 Kxf4 76. Kxg7 Kg5 77. Kf7 Kxh5 78. Kf6 Kg4 79. Kg6 h5 0-1


[Site "https://www.chess.com"]

[Event "Titled Tuesday Blitz May 30 Late 2023"]
[White "Perez, Maximiliano"]
[Black "Mujumdar, Sameer"]
[WhiteFideId "117234"]
[BlackFideId "2029707"]
[WhiteElo "2344"]
[BlackElo "2104"]
[Result "0-1"]
[Round "06"]
[TimeControl "180+2"]
[Date "2023.05.31"]
[WhiteClock "0:01:27"]
[BlackClock "0:00:54"]

1. e4 c6 2. d4 d5 3. e5 Bf5 4. h4 h5 5. c4 e6 6. Nc3 Nd7 7. cxd5 cxd5 8. Bd3 Bxd3 9. Qxd3 Ne7 10. Nf3 Nf5 11. Nxd5 Nxe5 12. Qb5+ Nc6 13. Qxb7 Rc8 14. Nc3 Be7 15. O-O O-O 16. Rd1 Nxh4 17. Nxh4 Bxh4 18. d5 exd5 19. Nxd5 Re8 20. Bf4 Qa5 21. Nc7 Bxf2+ 22. Kh1 Qa4 23. Bg3 Bxg3 24. Nxe8 Qh4+ 25. Kg1 Qh2+ 26. Kf1 Rxe8 0-1


[Site "https://www.chess.com"]

[Event "Titled Tuesday Blitz May 30 Late 2023"]
[White "FromTexas54"]
[Black "Bitoon, Richard"]
[BlackFideId "5201110"]
[WhiteElo "2447"]
[BlackElo "2374"]
[Result "0-1"]
[Round "06"]
[TimeControl "180+2"]
[Date "2023.05.31"]
[WhiteClock "0:00:29"]
[BlackClock "0:00:37"]

1. d4 Nf6 2. c4 g6 3. Nc3 Bg7 4. e4 O-O 5. Nf3 d6 6. Be2 e5 7. O-O Nc6 8. d5 Ne7 9. b4 Nh5 10. g3 Kh8 11. Nd2 Ng8 12. Bxh5 gxh5 13. Qxh5 f5 14. exf5 Rxf5 15. Qe2 a5 16. bxa5 Rxa5 17. Nde4 Bd7 18. a4 Qe8 19. Bd2 Ra8 20. Nb5 Rc8 21. Nbxd6 cxd6 22. Nxd6 Qf8 23. Nxc8 Qxc8 24. Rac1 Bxa4 25. c5 Qd7 26. Qe4 Nf6 27. c6 Nxe4 28. cxd7 Bxd7 29. Be3 Nf6 30. Rc7 e4 31. Rxb7 Rxd5 32. Ra1 h6 33. Kg2 Bg4 34. Ra8+ Kh7 35. Raa7 Bf3+ 36. Kh3 Rh5# 0-1


[Site "https://www.chess.com"]

[Event "Titled Tuesday Blitz May 30 Late 2023"]
[White "Lopez Mulet, Inigo"]
[Black "Papayan, Oleg"]
[WhiteFideId "22235620"]
[BlackFideId "4193911"]
[WhiteElo "2289"]
[BlackElo "2171"]
[Result "1-0"]
[Round "06"]
[TimeControl "180+2"]
[Date "2023.05.31"]
[WhiteClock "0:00:55"]
[BlackClock "0:00:03"]

1. c4 e5 2. g3 c6 3. Bg2 d5 4. cxd5 cxd5 5. d4 e4 6. Nc3 Nc6 7. Nh3 h6 8. O-O Nf6 9. f3 exf3 10. exf3 Be7 11. Be3 O-O 12. Rc1 Re8 13. Re1 Bb4 14. a3 Ba5 15. Nf2 Bf5 16. b4 Bb6 17. Na4 Bxd4 18. Bxd4 Rxe1+ 19. Qxe1 Nxd4 20. Qe5 Bd7 21. Nc5 Nc6 22. Qd6 Qb8 23. Qxb8+ Rxb8 24. f4 Nd4 25. Rd1 Ne6 26. Nxd7 Nxd7 27. Bxd5 Nb6 28. Bb3 Rd8 29. Rxd8+ Nxd8 30. Ne4 Kf8 31. Kf2 Ke7 32. Ke3 f5 33. Nc5 Nd7 34. Nxd7 Kxd7 35. h3 Kd6 36. Kd4 b6 37. Bd5 a5 38. bxa5 bxa5 39. a4 g6 40. g4 fxg4 41. hxg4 h5 42. f5 gxf5 43. gxh5 Ke7 44. Ke5 f4 45. Kxf4 Kf6 46. Ke4 Kg5 47. Ke5 Kxh5 48. Kd6 Kg6 49. Ke7 1-0


[Site "https://www.chess.com"]

[Event "Titled Tuesday Blitz May 30 Late 2023"]
[White "Sadilek, Peter"]
[Black "MKlose11"]
[WhiteFideId "1616439"]
[WhiteElo "2227"]
[BlackElo "2600"]
[Result "0-1"]
[Round "06"]
[TimeControl "180+2"]
[Date "2023.05.31"]
[WhiteClock "0:00:06"]
[BlackClock "0:00:16"]

1. d4 Nf6 2. c4 c5 3. d5 b5 4. cxb5 a6 5. e3 g6 6. Nc3 Bg7 7. Nf3 O-O 8. a4 d6 9. e4 Nbd7 10. Bg5 Ne8 11. Be2 Nc7 12. O-O Rb8 13. Qd2 axb5 14. Nxb5 Nxb5 15. Bxb5 Ne5 16. Nxe5 Bxe5 17. Ra3 Bd7 18. Rb3 Bxb5 19. axb5 Rb6 20. Qa5 Re8 21. Ra1 Qb8 22. Be3 Qb7 23. Qa7 Rb8 24. Qxb7 R6xb7 25. Bh6 f5 26. exf5 gxf5 27. Ra5 Kf7 28. Bd2 Kf6 29. Kf1 Bd4 30. f4 e6 31. dxe6 Kxe6 32. Rh3 Rxb5 33. Rxb5 Rxb5 34. Rxh7 Rxb2 35. Be1 c4 36. Rc7 Kd5 37. h4 Rb1 38. Ke2 Rb2+ 39. Kf1 Rb8 40. Ke2 Re8+ 41. Kf1 Re4 42. g3 Re8 43. Bf2 Bc5 44. Bxc5 dxc5 45. Rd7+ Kc6 46. Rd1 c3 47. Rc1 Re3 48. Kf2 Rd3 49. h5 Kb5 50. h6 Kc4 51. g4 fxg4 52. h7 Rh3 53. f5 Rxh7 54. Kg3 Kb3 55. Kxg4 c2 56. Rf1 Kb2 57. f6 c1=Q 58. Rxc1 Kxc1 59. Kf5 c4 0-1


[Site "https://www.chess.com"]

[Event "Titled Tuesday Blitz May 30 Late 2023"]
[White "Gasparyan, David"]
[Black "brm72"]
[WhiteFideId "13311980"]
[WhiteElo "2418"]
[BlackElo "2594"]
[Result "0-1"]
[Round "06"]
[TimeControl "180+2"]
[Date "2023.05.31"]
[WhiteClock "0:00:27"]
[BlackClock "0:00:22"]

1. Nf3 c5 2. g3 Nc6 3. Bg2 g6 4. O-O Bg7 5. d3 e5 6. e4 d6 7. c3 Nge7 8. Qe1 O-O 9. Be3 Be6 10. Ng5 Bd7 11. f4 h6 12. Nf3 f5 13. Nbd2 Kh7 14. Qf2 Rb8 15. Rae1 b5 16. fxe5 Nxe5 17. Nxe5 Bxe5 18. Bf4 Qc7 19. Nf3 fxe4 20. Nxe5 dxe5 21. Rxe4 Nc6 22. Bxe5 Nxe5 23. Qe3 Rxf1+ 24. Bxf1 Re8 25. d4 cxd4 26. cxd4 Ng4 27. Re7+ Rxe7 28. Qxe7+ Kg8 29. Be2 Qc1+ 30. Bf1 Qe3+ 31. Qxe3 Nxe3 32. Bd3 Kf7 33. Kf2 Nd5 34. Bc2 Kf6 35. Kf3 g5 36. Bb3 Nb4 37. Ke4 Bf5+ 38. Kf3 Ke7 39. h4 Kd6 40. Bf7 Nd3 41. b3 Nc1 42. a4 b4 43. Ke3 Ke7 44. Bd5 Bc2 45. Kd2 Bxb3 46. Bc6 Na2 47. hxg5 hxg5 48. Ke3 Nc3 49. a5 Bd5 50. Bxd5 Nxd5+ 51. Kd3 Kd6 52. Kc4 Kc6 53. g4 Nf6 54. Kxb4 Nxg4 55. Kc4 Nf6 56. Kd3 Kd5 57. Ke3 Kc4 58. a6 Kb5 59. d5 Nxd5+ 60. Ke4 Ne7 61. Kf3 Kxa6 62. Kg4 Kb5 63. Kxg5 a5 64. Kf4 a4 65. Ke3 a3 66. Kd2 a2 67. Kc2 a1=Q 68. Kb3 Qd4 69. Ka2 Qd2+ 70. Ka3 Qb4+ 71. Ka2 Kc4 72. Ka1 Kc3 73. Ka2 Kc2 74. Ka1 Qb2# 0-1


[Site "https://www.chess.com"]